Map: Orbital Shipyard

Players

Bjorn - Winner!

  • Race: Zerg Zerg
  • League: Master

BettyWhite

  • Race: Zerg Zerg
  • League: Master

VOD

Have the link to the VOD?

Description

Time

  • Played on: March 11, 2016, 5:56 p.m.
  • Length: 13:30
Show
View Real Time Build Order
Export as new Build Order

Bjorn Zerg - Winner!

Build Orders: Pool First 

Get SALT Encoding   

  12  0:18  Spawning Pool  
  11  0:22  Drone  
  11  0:27  Drone  
  13  0:31  Drone  
  14  0:40  Overlord  
  14  1:05  Zergling x6  
  17  1:16  Hatchery  
  16  1:21  Zergling x2  
  17  1:30  Zergling x2  
  18  1:34  Queen  
  20  1:40  Zergling x2  
  21  1:48  Overlord  
  21  1:59  Drone  
  22  2:09  Drone  
  23  2:20  Drone  
  21  2:31  Drone  
  21  2:34  Drone  
  22  2:39  Drone  
  22  2:42  Queen  
  25  2:45  Drone x2  
  25  2:49  Spine Crawler  
  26  2:55  Drone x2  
  26  2:56  Drone x2  
  30  3:03  Overlord  
  30  3:10  Drone  
  30  3:11  Drone, Queen  
  34  3:24  Queen  
  36  3:29  Extractor, Drone x3  
  36  3:30  Extractor  
  37  3:40  Drone x2  
  39  3:45  Overlord  
  39  4:02  Drone x3  
  42  4:03  Drone  
  42  4:05  Drone x2  
  45  4:14  Drone  
  45  4:15  Lair  
  45  4:17  Overlord  
  46  4:24  Drone  
  46  4:25  Drone x3  
  46  4:27  Extractor  
  46  4:28  Extractor  
  46  4:31  Drone  
  49  4:32  Overlord  
  49  4:35  Overlord  
  49  4:41  Drone x3  
  49  4:42  Metabolic Boost  
  52  4:58  Drone  
  52  4:59  Drone  
  54  5:00  Zergling x4  
  54  5:01  Zergling x4  
  58  5:09  Hatchery  
  57  5:15  Zergling x8  
  57  5:20  Drone x2, Spire  
  62  5:21  Overseer  
  62  5:32  Zergling x8  
  66  5:45  Zergling x6  
  69  5:52  Overlord x3  
  69  6:04  Overseer  
  69  6:05  Overlord x2  
  69  6:08  Overlord x2  
  69  6:28  Extractor  
  66  6:33  Extractor  
  66  6:36  Mutalisk x9  
  80  6:41  Drone  
  80  6:42  Drone x4  
  80  6:43  Drone  
  86  6:52  Zerg Flyer Armor Level 1  
  86  7:01  Mutalisk  
  86  7:06  Spore Crawler x2  
  86  7:17  Spore Crawler  
  85  7:27  Mutalisk x4  
  90  7:34  Drone x9  
  99  7:39  Mutalisk  
  99  7:40  Mutalisk  
  103  7:48  Mutalisk  
  105  7:56  Mutalisk  
  103  7:58  Overlord x3  
  103  8:00  Drone  
  103  8:01  Drone x3  
  107  8:09  Mutalisk x2  
  107  8:12  Mutalisk  
  113  8:22  Mutalisk  
  113  8:23  Mutalisk  
  113  8:26  Drone x3  
  120  8:27  Drone x2  
  120  8:30  Mutalisk  
  120  8:32  Zergling x6  
  127  8:35  Mutalisk  
  127  8:37  Zergling x6  
  132  8:45  Mutalisk  
  127  8:59  Hatchery  
  127  9:01  Zerg Flyer Armor Level 2  
  127  9:02  Mutalisk  
  128  9:03  Zergling x2  
  128  9:04  Zergling x14  
  128  9:08  Zergling x6  
  138  9:18  Mutalisk x2  
  141  9:34  Mutalisk  
  141  9:35  Mutalisk x2  
  141  9:36  Zergling x16  
  138  9:55  Mutalisk x3  
  138  9:56  Zergling x2  
  138  9:57  Zergling x10  
  146  10:07  Mutalisk x2  
  146  10:10  Extractor  
  149  10:17  Mutalisk x2  
  143  10:31  Zergling x2  
  143  10:32  Extractor, Zergling x16  
  150  10:35  Drone x2  
  150  10:36  Drone x3, Hatchery, Spore Crawler  
  150  10:37  Drone  
  149  10:45  Zergling x2  
  149  10:46  Zergling x6  
  153  10:51  Mutalisk  
  153  10:54  Overlord  
  155  11:04  Mutalisk x2  
  153  11:17  Mutalisk x2  
  153  11:18  Mutalisk x4  
  152  11:20  Zergling x12  
  154  11:30  Drone x5  
  154  11:31  Overseer  
  159  11:39  Zergling x10  
  164  11:42  Zergling x8  
  168  11:53  Mutalisk x3  
  174  12:02  Mutalisk x2  
  174  12:06  Overlord x4  
  160  12:13  Mutalisk x5  
  160  12:14  Mutalisk x2  
  165  12:27  Mutalisk x2  
  165  12:28  Zergling x2  
  165  12:29  Zergling x16  
  170  12:48  Mutalisk x4  
  170  12:51  Zergling x8  
  182  12:58  Mutalisk x2  
  182  13:00  Spore Crawler x2  
  178  13:16  Hatchery  
  184  13:26  Spore Crawler  
Show
View Real Time Build Order
Export as new Build Order

BettyWhite Zerg 

Build Orders: Hatch First 

Get SALT Encoding   

  12  0:01  Drone  
  13  0:12  Overlord  
  13  0:17  Drone  
  14  0:30  Drone x2  
  14  0:34  Drone  
  17  0:52  Hatchery  
  17  0:56  Drone  
  17  0:59  Drone  
  18  1:06  Extractor  
  17  1:15  Spawning Pool  
  17  1:18  Drone  
  17  1:20  Drone  
  18  1:31  Drone  
  19  1:38  Overlord  
  19  2:03  Spine Crawler, Queen  
  19  2:04  Zergling x4  
  19  2:06  Zergling x2  
  22  2:12  Zergling x2  
  23  2:19  Zergling x2  
  20  2:38  Spine Crawler  
  19  2:47  Drone x2  
  21  2:54  Drone x2  
  23  3:01  Drone x2  
  25  3:07  Drone  
  25  3:09  Drone  
  28  3:13  Overlord  
  28  3:14  Drone  
  29  3:21  Metabolic Boost  
  29  3:25  Drone  
  30  3:27  Drone  
  31  3:42  Drone x2, Baneling Nest  
  31  3:43  Drone  
  31  3:45  Drone  
  31  3:46  Drone  
  35  3:49  Drone  
  35  3:51  Drone  
  37  3:57  Overlord  
  37  4:03  Overlord  
  37  4:14  Queen  
  37  4:16  Drone x3  
  42  4:18  Zergling x2  
  42  4:20  Zergling x2  
  42  4:22  Zergling x2  
  45  4:25  Baneling  
  45  4:26  Baneling x2, Drone  
  45  4:28  Drone  
  47  4:32  Drone  
  47  4:37  Drone  
  47  4:38  Drone  
  49  4:48  Extractor, Lair  
  49  4:50  Extractor  
  49  4:51  Extractor  
  46  4:55  Drone  
  46  4:56  Drone  
  48  5:01  Drone x2  
  48  5:05  Queen  
  48  5:06  Hatchery  
  51  5:19  Overlord x2  
  51  5:31  Drone  
  52  5:38  Drone x3  
  55  5:50  Spire  
  54  6:04  Overlord x2  
  54  6:05  Drone x3  
  54  6:07  Overlord  
  54  6:08  Drone x3  
  60  6:17  Zergling x8  
  63  6:18  Baneling  
  63  6:19  Baneling x9  
  63  6:20  Zergling x2  
  65  6:25  Zergling x2  
  65  6:30  Zergling x4  
  65  6:51  Hatchery  
  64  7:02  Mutalisk x6  
  64  7:06  Zerg Flyer Armor Level 1  
  76  7:14  Mutalisk  
  78  7:22  Drone  
  79  7:23  Drone x6  
  83  7:31  Overlord x2  
  83  7:47  Mutalisk  
  83  7:51  Mutalisk x2  
  84  7:52  Mutalisk  
  84  7:57  Baneling x2  
  88  8:00  Queen x2  
  88  8:01  Drone  
  88  8:02  Drone x2  
  88  8:04  Overlord x2  
  88  8:05  Extractor  
  94  8:09  Queen  
  94  8:10  Extractor  
  94  8:11  Mutalisk, Zergling x2  
  98  8:12  Spore Crawler  
  97  8:20  Mutalisk  
  98  8:27  Drone x3  
  98  8:29  Spore Crawler  
  98  8:30  Mutalisk  
  102  8:35  Drone x2  
  103  8:44  Mutalisk x2  
  105  8:51  Mutalisk  
  105  8:59  Drone x3  
  108  9:03  Mutalisk  
  108  9:05  Drone x3  
  108  9:09  Overlord  
  113  9:14  Zerg Flyer Armor Level 2  
  113  9:16  Queen  
  112  9:17  Queen  
  112  9:26  Queen  
  112  9:31  Mutalisk x2  
  114  9:36  Mutalisk  
  110  9:41  Mutalisk  
  110  9:43  Drone x2  
  110  9:44  Drone x7  
  111  9:45  Drone  
  109  9:53  Mutalisk  
  109  9:54  Drone x2  
  109  9:55  Drone  
  109  9:58  Drone  
  114  10:04  Mutalisk  
  116  10:10  Drone  
  116  10:11  Drone  
  118  10:15  Mutalisk  
  118  10:16  Mutalisk  
  118  10:19  Hatchery  
  119  10:22  Mutalisk  
  119  10:25  Mutalisk  
  121  10:29  Queen  
  121  10:32  Queen  
  121  10:34  Spore Crawler  
  121  10:42  Overlord x6  
  121  10:52  Overlord x2  
  121  10:55  Zergling x2  
  121  10:56  Overlord x2  
  122  10:59  Mutalisk x2, Extractor  
  122  11:03  Mutalisk  
  127  11:13  Mutalisk  
  127  11:18  Mutalisk  
  127  11:24  Drone x5  
  127  11:25  Extractor  
  133  11:27  Mutalisk  
  133  11:29  Drone x4  
  133  11:31  Extractor, Drone x4  
  133  11:32  Drone  
  143  11:46  Mutalisk  
  143  11:47  Mutalisk  
  143  11:53  Mutalisk  
  142  11:58  Drone, Spore Crawler  
  142  11:59  Drone x5  
  146  12:07  Mutalisk x2  
  113  12:16  Drone x9  
  122  12:23  Mutalisk x2  
  122  12:25  Drone x2  
  112  12:31  Drone x2  
  112  12:33  Drone, Queen  
  110  12:44  Drone x3  
  111  12:46  Infestation Pit  
  111  12:53  Drone x2  
  111  12:56  Mutalisk  
Tags
 
Add a new tag
Caveats
  • Supply blocks, unpowered buildings, or Contaminate may cause inaccurate times.
  • Supply counts are checked every 10 seconds.